 Dungeon Crawl Stone Soup version 0.19.0-17-g07987d3 (webtiles) character file.

277 Haldmier the Caller (level 6, -3/36 HPs)
             Began as a Halfling Summoner on Nov 11, 2016.
             Slain by an orc
             ... wielding a +0 mace
              (6 damage)
             ... on level 4 of the Dungeon.
             The game lasted 00:21:16 (4919 turns).

Haldmier the Caller (Halfling Summoner)             Turns: 4919, Time: 00:21:17

Health: -3/36      AC:  3    Str: 10    XL:     6   Next: 50%
Magic:  7/9        EV: 14    Int: 14    God:
Gold:   186        SH:  6    Dex: 15    Spells: 2 memorised, 5 levels left

rFire  . . .     SeeInvis .     l - +1 dagger
rCold  . . .     Gourm    .     a - +0 robe
rNeg   . . .     Faith    .     m - +1 buckler
rPois  +         Spirit   .     (no helmet)
rElec  .         Reflect  .     (no cloak)
rCorr  .         Harm     .     o - +0 pair of gloves
MR     .....                    (no boots)
Stlth  ++........               (no amulet)
                                (no ring)
                                k - ring of poison resistance

@: very slightly contaminated
A: mutation resistance 1
a: no special abilities


You were on level 4 of the Dungeon.
You were hungry.

You visited 1 branch of the dungeon, and saw 4 of its levels.

You collected 186 gold pieces.

Inventory:

Hand Weapons
 d - a +2 trident of protection
 g - a +0 quarterstaff
 l - a +1 dagger (weapon)
 y - a +0 rapier
Missiles
 e - 104 stones (quivered)
 t - 6 tomahawks
Armour
 a - a +0 robe (worn)
 m - a +1 buckler (worn)
 o - a +0 pair of gloves (worn)
 p - a +0 leather armour
Jewellery
 k - a ring of poison resistance (left hand)
Scrolls
 n - 2 scrolls of remove curse
 r - a scroll of identify
 z - 2 scrolls of teleportation {unknown}
Potions
 f - a potion of magic {unknown}
 q - a potion of berserk rage {unknown}
 u - a potion of lignification {unknown}
 v - 2 potions of cure mutation
 A - a potion of might {unknown}
Books
 b - a book of Callings

   Spells                             Type                      Level
   a - Summon Small Mammal            Summoning                    1
   b - Call Imp                       Summoning                    2
   c - Call Canine Familiar           Summoning                    3
   d - Summon Guardian Golem          Hexes/Summoning              3
   e - Summon Lightning Spire         Summoning/Air                4
   f - Summon Ice Beast               Ice/Summoning                4
Comestibles
 c - 5 bread rations
 h - a beef jerky
 i - 2 meat rations
 j - 5 fruits
 w - a slice of pizza
 x - a royal jelly
 B - 2 chunks of flesh


   Skills:
 + Level 3.6 Short Blades
 - Level 2.1 Dodging
 + Level 3.6 Stealth
 - Level 2.1 Shields
 - Level 2.0 Spellcasting
 + Level 4.3 Summonings


You had 5 spell levels left.
You knew the following spells:

 Your Spells              Type           Power        Failure   Level  Hunger
a - Summon Small Mammal   Summ           ##..         8%          1    ##.....
b - Call Canine Familiar  Summ           ##......     21%         3    ####...


Dungeon Overview and Level Annotations

Branches:
Dungeon (4/15)
 Temple: D:4-7

Altars:
Cheibriados
Okawaru
Trog

Shops:
D:4 }


Innate Abilities, Weirdness & Mutations

You are small and have problems with some larger weapons.
You are somewhat resistant to further mutation.


Message History

Beogh smites you!
* * * LOW HITPOINT WARNING * * *
The orc wizard gestures wildly while chanting.
The orc wizard flickers and vanishes!
Deactivating autopickup; reactivate with Ctrl-A.
You feel better.
The orc priest invokes the aid of Beogh against you.
Beogh smites you!
* * * LOW HITPOINT WARNING * * *
There is an open door here.
There is an open door, spattered with blood here.
Casting: Call Canine Familiar
Confirm with . or Enter, or press ? or * to list all spells.
You miscast Summon Small Mammal.
You are very lightly contaminated with residual magic.
Nothing appears to happen.
The orc barely misses you.
Casting: Summon Small Mammal
Confirm with . or Enter, or press ? or * to list all spells.
The orc hits you with a mace.
You die...

.....#..............#
#....#...
.....'..............#
#....#...
..######..##..#####.#
#....###. ###
#..###+##.##'###
###....#.
#..#...........#
#....#.
#..#........<..#
#....#.
#..#...........#
+....#.
#..'.......r...#
#....#.
#..#.....@.....#
#....#.
#######.o###..##
#....#. #..########..#
## #...#........# ..
#.
#...'........#....#.
#######{########....#.
........o..........##.
...................#..
..........oo.......#..


You could see an orc and a friendly rat.

Vanquished Creatures
  A hound (D:4)
  2 worker ants
  5 adders
  An ooze (D:3)
  A worm (D:2)
  2 dart slugs
  An orc (D:4)
  4 bats
  2 giant cockroaches (D:2)
  3 hobgoblins
  7 jackals
  5 kobolds
  2 frilled lizards
  6 goblins
  12 rats
54 creatures vanquished.

Vanquished Creatures (collateral kills)
  A phantom (D:4)
  2 worker ants (D:4)
  A leopard gecko (D:1)
  3 orcs (D:4)
  A bat (D:1)
  2 goblins (D:1)
  2 hobgoblins (D:2)
  3 jackals
  2 frilled lizards (D:1)
  2 kobolds
19 creatures vanquished.

Grand Total: 73 creatures vanquished

Notes
Turn   | Place    | Note
-------+----------+-------------------------------------------
     0 | D:1      | Haldmier the Halfling Summoner began the quest for the Orb.
     0 | D:1      | Reached XP level 1. HP: 11/11 MP: 3/3
   470 | D:1      | Found an iron altar of Okawaru.
   525 | D:1      | Reached XP level 2. HP: 5/17 MP: 1/4
  1331 | D:2      | Reached XP level 3. HP: 21/21 MP: 4/6
  1366 | D:2      | Learned a level 3 spell: Call Canine Familiar
  1640 | D:2      | Reached skill level 1 in Short Blades
  1640 | D:2      | Reached skill level 1 in Shields
  2122 | D:2      | Reached XP level 4. HP: 25/27 MP: 2/7
  2898 | D:3      | Reached XP level 5. HP: 31/31 MP: 8/8
  3618 | D:4      | Found a snail-covered altar of Cheibriados.
  3618 | D:4      | Found a bloodstained altar of Trog.
  3929 | D:4      | HP: 1/31 [worker ant (5)]
  3938 | D:4      | Reached skill level 4 in Summonings
  4481 | D:4      | Noticed a phantom
  4758 | D:4      | Killed a phantom
  4758 | D:4      | Reached XP level 6. HP: 26/36 MP: 6/9
  4812 | D:4      | Found Kimuqit's Gadget Shoppe.
  4919 | D:4      | Slain by an orc

Skill      XL: |  1  2  3  4  5 |
---------------+----------------+-----
Spellcasting   | 2 |  2.0
Short Blades   | 1 2 3 |  3.6
Shields        | 1 2 |  2.1
Summonings     | 4 |  4.3
Stealth        | 3 |  3.6
Dodging        | |  2.1

Action                   |  1- 3 |  4- 6 || total
-------------------------+-------+-------++-------
Melee: Mace              |    11 |       ||    11
       Dagger            |   129 |   155 ||   284
       Unarmed           |     2 |       ||     2
 Cast: Summon Small Mamm |    27 |    25 ||    52
       Call Canine Famil |       |     3 ||     3
  Use: Scroll            |       |     7 ||     7
       Potion            |       |     2 ||     2
 Stab: Sleeping          |     4 |     4 ||     8
       Distracted        |     1 |     3 ||     4
  Eat: Chunk             |     5 |     9 ||    14
Armor: Robe              |    22 |    13 ||    35
Dodge: Dodged            |    96 |    78 ||   174
Block: Buckler           |    21 |    38 ||    59
